 Dungeon Crawl Stone Soup version 0.28.0-45-g0d030f2227 (webtiles) character file.

Game seed: 16426382848144076520

19 zeratav the Insei (level 2, -1/18 HPs)
             Began as an Octopode Transmuter on Apr 10, 2022.
             Succumbed to a goblin's poison
             ... on level 1 of the Dungeon.
             The game lasted 00:00:56 (418 turns).

zeratav the Insei (Octopode Transmuter)              Turns: 418, Time: 00:00:56

Health: -1/18      AC:  1    Str:  6 (9)  XL:     2   Next: 75%
Magic:  4/5        EV: 13    Int: 14 (15) God:
Gold:   12         SH:  0    Dex: 10 (12) Spells: 4/5 levels left

rFire   . . .      SeeInvis .     - Unarmed
rCold   . . .      Faith    .   (no shield)
rNeg    . . .      Spirit   .   (helmet currently unavailable)
rPois   .          Reflect  .   (no amulet)
rElec   .          Harm     .   (no ring)
rCorr   .          Rampage  .   (no ring)
Will    .....                   (no ring)
Stlth   ++........              (no ring)
HPRegen 0.06/turn               (no ring)
MPRegen 0.09/turn               (no ring)
                                (no ring)
                                (no ring)

@: lethally poisoned (-1 -> -11), appendages (expiring)
A: tentacle spike 3, almost no armour, amphibious, 8 rings, camouflage 1,
gelatinous body 1, (nimble swimmer 1), tentacles
a: End Transformation


You were on level 1 of the Dungeon.
One of your tentacles had grown a beastly spike.
You visited 1 branch of the dungeon, and saw 1 of its levels.

You collected 12 gold pieces.


Innate Abilities, Weirdness & Mutations

One of your tentacles has grown a beastly spike.
You cannot wear most types of armour.
You are amphibious.
You can wear up to eight rings at the same time.
Your skin changes colour to match your surroundings (Stealth+).
Your rubbery body absorbs attacks. (AC +1, EV +1)
((You are camouflaged when in or above water. (Stealth+)))
You have tentacles for arms and can constrict up to eight enemies at once.


   Skills:
 + Level 1.4 Fighting
 + Level 2.2 Dodging
 + Level 1.3 Stealth
 * Level 3.4 Unarmed Combat
 - Level 2.0 Spellcasting
 - Level 2.0 Transmutations


You had 4 spell levels left.
You knew the following spells:

 Your Spells              Type           Power      Damage    Failure   Level
a - Beastly Appendage     Tmut           14%        N/A       11%         1

Your spell library contained the following spells:

 Spells                   Type           Power      Damage    Failure   Level
 Wereblood                Tmut           7%         N/A       16%         2
 Spider Form              Tmut/Pois      4%         N/A       43%         3
 Ice Form                 Ice/Tmut       4%         N/A       83%         4

Inventory:

Scrolls
 a - a scroll of identify {unknown}
Potions
 b - a potion of degeneration {!q@e2}

Dungeon Overview and Level Annotations

Branches:
Dungeon (1/15)

Altars:

.# # .# # ######## .# #
#......# .# # #......#
.# # #......# .#
######......#####.######
.....'......'..)@.......
######......#####+######
#......# #......#
######## ##########


There were no monsters in sight!


Message History

You tentacle-slap the goblin.
You kill the goblin!
Your transformation is almost over.
The frilled lizard hisses angrily.
The frilled lizard bites you but does no damage.
You miss the frilled lizard. Your grab misses the frilled lizard.
The frilled lizard bites you.
HP[-1]
You take 1 damage, and now have 17/18 hp.
You barely miss the frilled lizard. Your grab misses the frilled lizard.
The frilled lizard barely misses you.
You closely miss the frilled lizard. Your grab misses the frilled lizard.
The frilled lizard bites you.
HP[-3]
You take 3 damage, and now have 14/18 hp.
You miss the frilled lizard. You grab the frilled lizard.
You pierce the frilled lizard.
You kill the frilled lizard!
No target in view!
No target in view!
Your tentacle spike disappears.
You see here a frilled lizard corpse.
You open the door.
A frilled lizard comes into view.
HP[+4] MP[+1]
Your hp is fully restored (18).
Your mp is fully restored (5).
One of your tentacles grows a vicious spike.
MP[-1]
You lost 1 mp, and now have 4/5 mp.
There is an open door here.
The helpless frilled lizard fails to defend itself.
You tentacle-slap the frilled lizard.
You kill the frilled lizard!
No target in view!
No target in view!
No target in view!
No target in view!
No target in view!
No target in view!
No target in view!
No target in view!
No target in view!
No target in view!
No target in view!
No target in view!
No target in view!
No target in view!
No target in view!
Your transformation is almost over.
a - a scroll labelled ALUMMY WEKHLOE MP[+1]
Your mp is fully restored (5).
b - 2 inky potions Your tentacle spike disappears.
You open the door.
A goblin comes into view. It is wielding a +0 dagger of venom.
One of your tentacles grows a vicious spike.
MP[-1]
You lost 1 mp, and now have 4/5 mp.
There is an open door here.
The goblin shouts!
You barely miss the goblin. Your grab misses the goblin.
The goblin hits you with a +0 dagger of venom.
You are poisoned.
HP[-1]
You take 1 damage, and now have 17/18 hp.
You tentacle-slap the goblin but do no damage.
Your grab misses the goblin. You squeeze the goblin.
You feel very sick.
The goblin hits you with a +0 dagger of venom.
You are lethally poisoned!
HP[-5]
You take 5 damage, and now have 12/18 hp.
MASSIVE DAMAGE!! (PAUSE)
You barely miss the goblin. Your grab misses the goblin.
You pierce the goblin.
You kill the goblin!
* * * LOW HITPOINT WARNING * * *
You feel very sick.
HP[-4]
You take 4 damage, and now have 8/18 hp.
MASSIVE DAMAGE!! (PAUSE)
* * * LOW HITPOINT WARNING * * *
You feel very sick.
Things that are here:
a +0 dagger of venom {short}; a goblin corpse HP[-4]
You take 4 damage, and now have 4/18 hp.
MASSIVE DAMAGE!! (PAUSE) It was a potion of degeneration.
There was something very wrong with that liquid.
You feel weakened.
You feel dopey.
You feel clumsy.
* * * LOW HITPOINT WARNING * * *
You feel sick.
HP[-2]
You take 2 damage, and now have 2/18 hp.
Okay, then.
Really quaff
b - a potion of degeneration {!q@e2}?
Why would you want to do that?
Your transformation is almost over.
You die...

Skill      XL: |  1  2 |
---------------+-------+-----
Stealth        | 1 |  1.3
Fighting       | |  1.4
Dodging        | |  2.2
Unarmed Combat | |  3.4
Spellcasting   | |  2.0
Transmutations | |  2.0

Action                   || total
-------------------------++-------
Melee: Unarmed           ||    29
       Constrict         ||     7
       Kick              ||     7
       Tentacles         ||     6
 Cast: Beastly Appendage ||     8
  Use: Potion            ||     1
 Stab: Sleeping          ||     3
Armor: Skin              ||     2
Dodge: Dodged            ||    10

Levels and vault maps discovered:
D:1:      lightli_arrival_windingriver, layout_basic,
          ebering_ecumenical_altar_rust, serial_shops,
          nicolae_shop_bloodbath_and_beyond

Notes
Turn   | Place    | Note
-------+----------+-------------------------------------------
     0 | D:1      | zeratav the Octopode Transmuter began the quest for the
                  | Orb.
     0 | D:1      | Reached XP level 1. HP: 13/13 MP: 3/3
     0 | D:1      | magus.rc [v1.9.6]
    74 | D:1      | Reached XP level 2. HP: 10/18 MP: 5/5
   207 | D:1      | Reached skill level 1 in Stealth
   416 | D:1      | HP: 4/18 [poisoned by a goblin]
   418 | D:1      | Succumbed to a goblin's poison

Vanquished Creatures
  A bat (D:1)
  2 endoplasms (D:1)
  5 goblins (D:1)
  2 hobgoblins (D:1)
  A quokka (D:1)
  2 frilled lizards (D:1)
  2 kobolds (D:1)
  A rat (D:1)
16 creatures vanquished.

Table legend:
 A = Non-vault XP
 B = Vault XP
 C = Vault XP percentage of total XP
 D = Non-vault monster count
 E = Vault monster count
 F = Vault count percentage of total count
                 A         B        C        D         E       F
            +---------+---------+-------+---------+---------+-------
      Total |      28 |       0 |   0.0 |      16 |       0 |   0.0
            +---------+---------+-------+---------+---------+-------
        D:1 |      28 |       0 |   0.0 |      16 |       0 |   0.0
            +---------+---------+-------+---------+---------+-------

Illustrated notes

Table legend:
 A = Kills in this place as a percentage of kills in entire the game.
 B = Kills by you in this place as a percentage of kills by you in the entire game.
 C = Kills by friends in this place as a percentage of kills by friends in the entire game.
 D = Other kills in this place as a percentage of other kills in the entire game.
 E = Experience gained in this place as a percentage of experience gained in the entire game.
 F = Experience gained in this place divided by the number of levels of this place that you have seen.
                   A       B       C       D       E      F
               +-------+-------+-------+-------+-------+----------------------
         Total | 100.0 | 100.0 |   N/A |   N/A | 100.0 |  28.0
       Dungeon | 100.0 | 100.0 |   N/A |   N/A | 100.0 |  28.0
               +-------+-------+-------+-------+-------+----------------------

Table legend: (Time is in decaauts)
 A = Elapsed time spent in this place.
 B = Non-inter-level travel time spent in this place.
 C = Inter-level travel time spent in this place.
 D = Time resting spent in this place.
 E = Time spent auto-exploring this place.
 F = Levels seen in this place.
 G = Mean time per level.
                   A        B        C        D        E       F      G
               +--------+--------+--------+--------+--------+-----+--------+
         Total |    416 |    416 |      0 |      0 |    342 |   1 |  416.0 |
       Dungeon |    416 |    416 |      0 |      0 |    342 |   1 |  416.0 |
               +--------+--------+--------+--------+--------+-----+--------+

Top non-repeatable levels by time:
     D:1: 416 daAuts
